 Dungeon Crawl Stone Soup version 0.30.1-11-g7821555f0a (webtiles) character file.

Game seed: 4737152114372947670

1170 MrIGI the Ruffian (level 8, -3/79 HPs)
             Began as a Troll Fighter on Jan 5, 2024.
             Was an Initiate of Wu Jian.
             Slain by an ice beast (10 damage)
             ... on level 6 of the Dungeon.
             The game lasted 00:10:49 (4045 turns).

MrIGI the Ruffian (Troll Fighter)                   Turns: 4045, Time: 00:10:50

Health: -3/79      AC:  4    Str: 29    XL:     8   Next: 17%
Magic:  7/7        EV: 10    Int:  4    God:    Wu Jian [......]
Gold:   327        SH: 10    Dex: 17    Spells: 7/7 levels left

rFire   . .          .
                       - Unarmed
rCold   . . .        b - +0 kite shield
rNeg    . . .        m - +0 robe
rPois   .            (helmet restricted)
rElec   .            (no cloak)
rCorr   .            (gloves unavailable)
SInv    .            (boots unavailable)
Will    .....        (no amulet)
Stlth   ++           d - +6 ring of dexterity
HPRegen 1.13/turn    o - ring of Nykaof {Wiz Str+2 Dex+2}
MPRegen 0.10/turn

%: wizardry (x1)
@: no status effects
A: large, unfitting armour, claws 3, regeneration 1, shaggy fur 1, tough skin 1
a: Renounce Religion


You were on level 6 of the Dungeon.
You worshipped Wu Jian.
Wu Jian was noncommittal.
You visited 2 branches of the dungeon, and saw 7 of its levels.

You collected 327 gold pieces.

Inventory:

Armour
 a - a +0 robe
 b - a +0 kite shield (worn)
 m - a +0 robe (worn)
Jewellery
 d - a +6 ring of dexterity (left claw)
 o - the ring of Nykaof (right claw) {Wiz Str+2 Dex+2}
   (You found it on level 3 of the Dungeon)

   [ring of wizardry]

   It improves your spell success rate.
   Str:       It affects your strength (+2).
   Dex:       It affects your dexterity (+2).
 v - a +6 ring of dexterity
Wands
 y - a wand of paralysis (10)
Scrolls
 e - 3 scrolls of fear {unknown}
 f - a scroll of torment {unknown}
 i - 5 scrolls of identify {unknown}
 j - 5 scrolls of teleportation
 l - 2 scrolls of enchant armour {unknown}
 n - a scroll of silence {unknown}
 p - a scroll of enchant weapon {unknown}
 q - a scroll of immolation {unknown}
 t - a scroll of blinking {unknown}
 w - 3 scrolls of noise {unknown}
Potions
 c - 2 potions of might
 g - 3 potions of curing
 h - 2 potions of haste {unknown}
 k - 2 potions of mutation {unknown}
 r - 2 potions of ambrosia {unknown}
 s - a potion of magic {unknown}
 u - 2 potions of attraction {unknown}
 x - 3 potions of brilliance {unknown}
 z - a potion of flight {unknown}


   Skills:
 + Level 4.3 Fighting
 - Level 4.0 Dodging
 + Level 4.7 Shields
 * Level 6.4 Unarmed Combat
 + Level 1.2 Earth Magic


You had 7 spell levels left.
You didn't know any spells.
Your spell library contained the following spells:

 Spells                   Type           Power      Damage    Failure   Level
 Sandblast                Erth           2%         2d4       26%         1
 Apportation              Tloc           0%         N/A       38%         1
 Necrotise                Necr           0%         1d4       38%         1
 Passwall                 Tmut/Erth      0%         N/A       43%         2
 Poisonous Vapours        Pois/Air       0%         N/A       52%         2
 Stone Arrow              Conj/Erth      0%         3d7       65%         3
 Mephitic Cloud           Conj/Pois/Air  0%         N/A       75%         3
 Vampiric Draining        Necr           0%         2d6       75%         3
 Cause Fear               Hex            0%         N/A       98%         4
 Agony                    Necr           0%         N/A       100%        5
 Alistair's Intoxication  Tmut/Pois      0%         N/A       100%        5
 Freezing Cloud           Conj/Ice/Air   0%         6-21      100%        5
 Dragon Form              Tmut           0%         N/A       100%        7
 Dragon's Call            Summ           0%         N/A       100%        9


Dungeon Overview and Level Annotations

Branches:
Dungeon (6/15)             Temple (1/1) D:6

Altars:
Ashenzari
Cheibriados
Dithmenos
Elyvilon
Kikubaaqudgha
Makhleb
Ru
Trog
Uskayaw
Wu Jian
Xom
Zin
The Shining One

Shops:
D:2 ::(=

Annotations:
D:6 1 runed translucent door, Eitelfritz's ghost, novice HOFi; Eustachio


Innate Abilities, Weirdness & Mutations

You are too large for most types of armour.
You have claws for hands.
Your natural rate of healing is unusually fast.
You are covered in fur. (AC +1)
You have tough skin. (AC +1)


Message History

The ice beast hits you. The ice beast freezes you!
You miss the orc wizard.
The orc wizard hits you with a +0 dagger.
The ice beast hits you. The ice beast freezes you!
You bump into the rock wall.
The orc wizard points at you and mumbles some strange words.
You are more confused.
The ice beast barely misses you.
You bump into the rock wall.
The orc wizard mumbles some strange words.
The orc wizard flickers and vanishes!
The ice beast hits you. The ice beast freezes you!
You're too confused to move!
The sentinel's mark upon you fades away.
Something hits you. The ice beast closely misses you.
You bump into the rock wall.
An orc comes into view. It is wielding a +0 hand axe.
You hear some strange, mumbled words.
A puff of flame appears from out of thin air!
The puff of flame hits you! The ice beast barely misses you.
You bump into the rock wall.
You hear some strange, mumbled words.
You are more confused.
The ice beast barely misses you.
You bump into the rock wall.
Something hits you. The ice beast hits you. The ice beast freezes you!
* * * LOW HITPOINT WARNING * * *
You claw the ice beast!
The ice beast is almost dead.
Something hits you but does no damage. The ice beast hits you.
* * * LOW HITPOINT WARNING * * *
The ice beast freezes you.
* * * LOW HITPOINT WARNING * * *
You are too confused!
Unknown command.
It was a potion of curing.
You feel better. Something hits you but does no damage. The ice beast hits you.
* * * LOW HITPOINT WARNING * * *
The ice beast freezes you!
You die...

#.# #.# ### #.# .. ##'##
###'### #.... #.....# ###
#.... #.....# ##.## #....
#...oo#####(W.#######....
#..oo.oY@{##+##..........
#...oo####o.....#########
#.....# #.......# #..o..#
###.....# #o....# #####.#
.......# ... ..o...###
###.. ...... #


You could see an ice beast and 8 orcs.

Vanquished Creatures
  Menkaure (D:6)
  A sky beast (D:6)
  A black bear (D:5)
  2 ogres
  A phantom (D:4)
  A centaur (D:5)
  Blork the orc (D:6)
  A gnoll sergeant (D:6)
  2 hounds
  2 jellies
  A sleepcap (D:4)
  Terence (D:3)
  3 orc wizards
  4 adders
  7 gnolls
  A white imp (D:6)
  A worm (D:2)
  2 dart slugs
  10 orcs
  5 ball pythons
  5 bats
  9 endoplasms
  A giant cockroach (D:1)
  5 goblins
  2 hobgoblins
  4 jackals (D:2)
  5 quokkas
  10 frilled lizards
  5 kobolds
  6 rats
100 creatures vanquished.

Notes
Turn   | Place    | Note
-------+----------+-------------------------------------------
     0 | D:1      | MrIGI the Troll Fighter began the quest for the Orb.
     0 | D:1      | Reached XP level 1. HP: 22/22 MP: 0/0
   154 | D:1      | Reached XP level 2. HP: 29/29 MP: 1/1
   797 | D:2      | Found Maothor's Antique Weapon Shop.
   807 | D:2      | Reached XP level 3. HP: 27/36 MP: 2/2
  1005 | D:2      | Found Oripaph's Book Boutique.
  1012 | D:2      | Reached skill level 3 in Unarmed Combat
  1428 | D:2      | Found Xisse's Jewellery Emporium.
  1481 | D:2      | Found Ibatesy's Book Boutique.
  1715 | D:3      | Identified the ring of Nykaof {Wiz Str+2 Dex+2}
  1837 | D:3      | Reached XP level 4. HP: 44/44 MP: 3/3
  1981 | D:3      | Noticed Terence
  1990 | D:3      | Killed Terence
  2424 | D:4      | Noticed an ogre
  2551 | D:5      | Entered Level 5 of the Dungeon
  2660 | D:5      | Reached XP level 5. HP: 50/53 MP: 4/4
  2714 | D:5      | Noticed a black bear
  2728 | D:5      | Noticed a centaur
  2738 | D:5      | Killed a centaur
  2739 | D:5      | Reached skill level 4 in Unarmed Combat
  2811 | D:5      | Killed a black bear
  2812 | D:5      | Reached XP level 6. HP: 41/61 MP: 5/5
  3352 | D:6      | Noticed Blork the orc
  3383 | D:6      | Noticed a sky beast
  3405 | D:6      | Reached skill level 5 in Unarmed Combat
  3408 | D:6      | Killed a sky beast
  3409 | D:6      | Reached XP level 7. HP: 35/68 MP: 6/6
  3448 | D:6      | Noticed Eustachio
  3476 | D:6      | Killed Blork the orc
  3895 | D:6      | Reached skill level 6 in Unarmed Combat
  3908 | D:6      | Reached XP level 8. HP: 76/78 MP: 7/7
  3912 | D:6      | Found a staircase to the Ecumenical Temple.
  3927 | Temple   | Entered the Ecumenical Temple
  3940 | Temple   | Became a worshipper of the Wu Jian Council
  3986 | D:6      | Noticed Menkaure
  3987 | D:6      | Found a runed translucent door.
  3987 | D:6      | Found a shimmering altar of Xom.
  3987 | D:6      | Noticed Eitelfritz's ghost (novice HOFi)
  3987 | D:6      | Noticed a +0 mace of chaos
  3989 | D:6      | Killed Menkaure
  3990 | D:6      | Reached skill level 1 in Earth Magic
  4045 | D:6      | Slain by an ice beast

Illustrated notes

Levels and vault maps discovered:
D:1:      minmay_arrival_arboretum_large, layout_basic, chequers_arboretum,
          minmay_lizard_king
D:2:      layout_basic, serial_forest, infiniplex_forest_end_2,
          infiniplex_forest_straight_3, infiniplex_forest_diagonal,
          infiniplex_forest_lined_room_2, infiniplex_forest_clump_long,
          serial_shops, shop, shop, shop, shop, serial_bayou_pond_c, hex_large
D:3:      layout_basic, uniq_terence
D:4:      layout_rooms
D:5:      layout_basic, hangedman_decor_opposing
D:6:      layout_basic, minmay_temple_entry_grid, serial_shops,
          nicolae_shop_pleasant_corner_grove, ebering_ghost_xom,
          uniq_blork_the_orc, uniq_eustachio, uniq_menkaure
Temple:   compressed_dpeg_triangle_lava_temple

Skill      XL: |  1  2  3  4  5  6  7  8 |
---------------+-------------------------+-----
Shields        | 3 4 |  4.7
Unarmed Combat | 3 4 5 6 |  6.4
Fighting       | 3 4 |  4.3
Dodging        | 3 4 |  4.0
Earth Magic    | 1 |  1.2

Action                     |  1- 3 |  4- 6 |  7- 9 || total
---------------------------+-------+-------+-------++-------
  Melee: Unarmed           |   122 |   120 |    91 ||   333
    Use: Scroll            |       |     1 |       ||     1
         Potion            |       |       |     1 ||     1
   Stab: Sleeping          |     1 |     1 |       ||     2
 Armour: Robe              |    53 |    30 |    27 ||   110
  Dodge: Dodged            |    68 |    60 |    24 ||   152
  Block: Kite shield       |    56 |    65 |    27 ||   148
